Map: Odyssey LE

Players

BackupA (Rob) - Winner!

  • Race: Protoss Protoss
  • Spawn Location: 11:00

Raze

  • Race: Terran Terran
  • Spawn Location: 5:00

Event: WCS Montreal 2017

VOD

Have the link to the VOD?

Description

Time

  • Played on: Sept. 8, 2017, 1:30 p.m.
  • Length: 19:32

All games in this series

Show
View Real Time Build Order
Export as new Build Order

BackupA Protoss - Winner!

Build Orders: 1 Gate Expand, Dark Templar Rush 

Get SALT Encoding   

  12  0:00  Probe (Chrono Boost)  
  13  0:11  Probe (Chrono Boost)  
  14  0:17  Pylon  
  14  0:22  Probe (Chrono Boost)  
  15  0:35  Probe (Chrono Boost)  
  16  0:36  Gateway  
  16  0:45  Probe (Chrono Boost)  
  16  0:47  Assimilator  
  17  0:56  Probe (Chrono Boost)  
  18  1:06  Probe (Chrono Boost)  
  19  1:17  Probe (Chrono Boost)  
  20  1:22  Nexus  
  20  1:32  Cybernetics Core  
  20  1:35  Probe (Chrono Boost)  
  21  1:40  Assimilator  
  21  1:45  Probe (Chrono Boost)  
  22  1:50  Pylon  
  22  1:56  Probe (Chrono Boost)  
  23  2:08  Probe (Chrono Boost), Stalker (Chrono Boost)  
  24  2:09  Warp Gate (Chrono Boost)  
  26  2:20  Probe (Chrono Boost)  
  27  2:32  Probe (Chrono Boost)  
  27  2:34  Twilight Council  
  27  2:36  Probe (Chrono Boost)  
  29  2:42  Probe (Chrono Boost)  
  30  2:47  Probe (Chrono Boost)  
  31  2:52  Robotics Facility  
  31  2:53  Probe (Chrono Boost)  
  31  2:58  Probe (Chrono Boost)  
  32  2:59  Stalker  
  32  3:03  Probe  
  35  3:09  Probe  
  36  3:20  Probe  
  36  3:21  Probe, Dark Shrine  
  36  3:26  Stalker, Gateway  
  40  3:35  Gateway  
  40  3:37  Probe  
  40  3:39  Probe  
  42  3:51  Probe x2  
  35  4:05  Probe x2 (Chrono Boost)  
  35  4:06  Warp Prism (Chrono Boost)  
  35  4:09  Pylon  
  41  4:17  Probe (Chrono Boost), Mothership Core (Chrono Boost)  
  41  4:28  Probe (Chrono Boost)  
  42  4:35  Dark Templar x2  
  42  4:36  Probe (Chrono Boost)  
  47  4:39  Probe (Chrono Boost)  
  47  4:42  Pylon  
  48  4:46  Probe (Chrono Boost)  
  48  4:49  Probe (Chrono Boost)  
  50  4:57  Probe (Chrono Boost)  
  50  4:59  Probe (Chrono Boost), Forge  
  51  5:03  Assimilator  
  51  5:05  Assimilator, Observer (Chrono Boost)  
  53  5:08  Probe  
  53  5:09  Probe, Stalker x2  
  54  5:33  Probe  
  54  5:35  Probe  
  56  5:44  Probe  
  56  5:46  Blink (Chrono Boost)  
  56  5:47  Probe  
  58  5:54  Probe  
  59  5:59  Probe  
  60  6:04  Protoss Ground Weapons Level 1 (Chrono Boost)  
  60  6:05  Stalker  
  60  6:09  Pylon  
  60  6:11  Pylon  
  62  6:26  Probe  
  62  6:29  Stalker x3  
  67  6:42  Probe, Gateway  
  67  6:44  Gateway  
  67  6:45  Pylon  
  68  6:52  Robotics Bay  
  68  6:53  Stalker x3  
  74  6:58  Probe  
  74  7:00  Probe  
  74  7:09  Probe  
  75  7:20  Stalker x3  
  75  7:22  Probe  
  81  7:23  Probe  
  81  7:32  Probe  
  81  7:35  Probe  
  83  7:43  Probe, Disruptor (Chrono Boost)  
  80  7:47  Probe, Nexus  
  80  7:50  Robotics Facility  
  85  7:57  Probe  
  86  8:01  Pylon  
  86  8:04  Protoss Ground Armor Level 1  
  86  8:05  Charge (Chrono Boost)  
  86  8:07  Probe  
  85  8:15  Disruptor (Chrono Boost)  
  88  8:21  Stalker x3  
  94  8:30  Pylon  
  94  8:31  Pylon  
  94  8:48  Disruptor (Chrono Boost)  
  97  8:49  Probe x2  
  97  8:51  Disruptor (Chrono Boost)  
  97  8:53  Dark Templar  
  104  8:55  Stalker  
  104  8:56  Stalker  
  104  9:01  Probe  
  109  9:09  Stalker x2  
  109  9:25  Probe  
  109  9:27  Probe x2  
  109  9:31  Stalker x3  
  118  9:42  Probe  
  118  9:43  Probe  
  118  9:44  Probe  
  114  9:49  Stalker  
  114  9:50  Stalker  
  116  9:57  Disruptor (Chrono Boost), Gateway x2  
  116  9:59  Disruptor (Chrono Boost), Gateway  
  116  10:09  Zealot x3  
  122  10:17  Zealot  
  122  10:35  Stalker  
  124  10:42  Pylon  
  124  10:45  Pylon x2  
  124  10:46  Assimilator x2, Pylon  
  122  10:57  Protoss Ground Weapons Level 2 (Chrono Boost)  
  122  11:00  Forge  
  122  11:07  Extended Thermal Lance  
  122  11:08  Colossus (Chrono Boost)  
  122  11:09  Zealot x5  
  132  11:12  Colossus (Chrono Boost)  
  144  11:32  Pylon  
  144  11:34  Protoss Ground Armor Level 2 (Chrono Boost)  
  144  11:35  Pylon x2  
  144  11:36  Zealot x4  
  144  11:39  Templar Archives  
  152  11:56  Stalker  
  152  11:57  Stalker x4  
  162  12:06  Colossus (Chrono Boost)  
  162  12:07  Observer (Chrono Boost)  
  169  12:10  Pylon  
  169  12:14  Psionic Storm  
  169  12:34  High Templar x2  
  169  12:35  Zealot x2  
  169  12:36  Zealot x4  
  185  12:39  Photon Cannon  
  183  12:51  Pylon  
  175  13:16  Nexus  
  163  13:27  Pylon  
  163  13:28  Pylon  
  163  13:29  Pylon  
  163  13:31  Nexus  
  163  13:32  Pylon  
  162  13:35  Pylon  
  156  13:54  Pylon  
  156  13:55  Photon Cannon  
  152  13:56  Protoss Ground Armor Level 3 (Chrono Boost)  
  152  13:57  Protoss Ground Weapons Level 3 (Chrono Boost)  
  142  14:07  High Templar x5  
  142  14:09  High Templar  
  154  14:12  Archon  
  154  14:13  Archon  
  154  14:15  Archon  
  154  14:20  Photon Cannon  
  154  14:27  Probe  
  154  14:28  Probe x2  
  157  14:38  High Templar  
  157  14:39  Zealot x3  
  165  14:46  High Templar  
  165  14:52  Zealot x3  
  173  14:55  Zealot x3  
  173  15:08  Zealot x3  
  173  15:11  Assimilator  
  173  15:14  High Templar, Pylon  
  171  15:32  Stalker x7  
  163  16:00  Stalker  
  163  16:01  Stalker x6  
  175  16:16  Zealot  
  168  16:25  Zealot x3  
  168  16:26  Zealot x4  
  156  16:48  Archon  
  156  16:53  Stalker x8  
  142  17:17  Zealot  
  142  17:18  Zealot x4  
  142  17:19  Zealot  
  142  17:20  Zealot  
  149  17:24  Pylon  
  149  17:25  Pylon  
  149  17:27  Pylon  
  149  17:29  Pylon  
  138  17:44  Stalker  
  136  17:46  Zealot x7  
  150  18:12  Stalker x8  
  146  18:51  High Templar x2, Zealot x4  
  146  18:52  Zealot x2  
  162  19:09  Nexus  
Show
View Real Time Build Order
Export as new Build Order

Raze Terran 

Build Orders: MMM Bio, Banshee Rush 

Get SALT Encoding   

  12  0:00  SCV  
  13  0:12  SCV  
  14  0:17  Supply Depot  
  14  0:24  SCV  
  15  0:31  Refinery  
  15  0:44  Barracks  
  15  0:47  SCV  
  16  0:59  SCV  
  16  1:00  Refinery  
  17  1:06  Barracks  
  17  1:11  SCV  
  18  1:23  SCV  
  19  1:37  SCV  
  20  1:53  Orbital Command  
  20  1:54  Factory  
  20  1:55  Barracks Reactor  
  20  2:04  Supply Depot  
  20  2:19  Command Center  
  20  2:23  SCV  
  21  2:31  Marine x2  
  21  2:35  SCV  
  24  2:43  Starport  
  24  2:47  SCV  
  25  2:59  SCV  
  25  3:00  Hellion  
  25  3:01  Hellion, Barracks Tech Lab  
  30  3:06  Refinery  
  30  3:11  SCV  
  31  3:15  Supply Depot  
  30  3:28  SCV  
  30  3:30  Cloaking Field  
  31  3:37  Marine x2  
  31  3:40  SCV  
  34  3:45  Banshee  
  35  4:03  Marine x2, SCV  
  35  4:04  Factory Tech Lab  
  35  4:07  Orbital Command  
  36  4:18  Bunker  
  36  4:21  Marine x2  
  36  4:22  SCV  
  39  4:28  Widow Mine  
  39  4:29  Engineering Bay  
  41  4:34  SCV x2  
  43  4:39  Marine x2  
  43  4:40  Raven  
  43  4:44  Supply Depot  
  47  4:46  SCV x2  
  49  4:56  Marine x2  
  49  4:58  SCV  
  52  5:04  Missile Turret  
  52  5:05  SCV, Missile Turret  
  53  5:10  SCV  
  53  5:11  Siege Tank  
  57  5:24  Banshee  
  57  5:25  SCV  
  58  5:29  SCV  
  59  5:37  SCV  
  60  5:43  SCV  
  60  5:49  SCV  
  62  5:54  Stimpack  
  62  5:56  Marine  
  63  5:58  SCV  
  63  6:00  Command Center  
  63  6:01  SCV  
  64  6:05  Widow Mine  
  64  6:10  SCV  
  67  6:14  Marine, SCV  
  68  6:19  Supply Depot  
  68  6:28  Barracks x2, Terran Infantry Weapons Level 1  
  68  6:31  SCV x2  
  70  6:39  Refinery  
  69  6:40  Supply Depot  
  69  6:41  Starport Reactor, Factory Reactor  
  69  6:42  Marine  
  70  6:49  SCV x2  
  72  6:57  Barracks  
  72  7:02  Barracks  
  72  7:06  SCV x2  
  74  7:13  Marine  
  75  7:16  Orbital Command  
  75  7:17  Combat Shields  
  75  7:18  Marine, SCV, Marauder  
  79  7:24  Refinery  
  79  7:31  Marine  
  79  7:32  Medivac x2, Marauder  
  79  7:33  SCV x2  
  79  7:36  Marine  
  89  7:40  Marauder  
  89  7:42  Widow Mine x2  
  89  7:43  SCV  
  93  7:45  SCV  
  94  7:53  Supply Depot, Barracks Tech Lab, Barracks Reactor, Missile Turret  
  94  7:54  Marine x2, Marauder  
  98  7:58  SCV  
  98  8:01  Marauder  
  101  8:07  Supply Depot  
  101  8:10  Supply Depot  
  101  8:12  Supply Depot  
  100  8:15  SCV  
  100  8:16  SCV  
  100  8:19  Missile Turret  
  101  8:22  Terran Infantry Armor Level 1  
  101  8:24  Concussive Shells  
  101  8:28  Marine x2  
  101  8:29  Bunker, SCV x2, Marauder x2  
  109  8:37  Widow Mine x2  
  109  8:39  Marine, Marauder  
  109  8:40  Marine  
  117  8:42  SCV x2  
  117  8:45  SCV  
  120  8:50  Marauder  
  122  8:56  Marine  
  122  8:57  Marauder  
  125  9:09  SCV  
  125  9:14  Supply Depot x2  
  125  9:15  Supply Depot, Widow Mine  
  125  9:16  Medivac x2, SCV  
  132  9:29  SCV  
  133  9:35  Marine, Widow Mine  
  133  9:36  Marauder x3  
  140  9:41  SCV x2  
  140  9:46  Medivac x2  
  142  9:57  Marauder  
  142  9:59  Armory  
  144  10:01  Orbital Command, Engineering Bay  
  135  10:14  SCV x2  
  137  10:16  Medivac x2, Marine x2, Marauder x2  
  137  10:18  Marauder  
  137  10:19  Widow Mine x2  
  153  10:26  SCV x3  
  156  10:49  Marine x2, Marauder x3  
  159  10:52  Refinery  
  159  10:57  Refinery  
  159  11:07  Marine  
  159  11:10  Marauder  
  159  11:11  Marauder  
  163  11:12  Terran Infantry Armor Level 2, Terran Infantry Weapons Level 2  
  163  11:17  Barracks x2  
  162  11:20  Barracks  
  162  11:29  Marine x2, Marauder  
  165  11:35  Supply Depot  
  165  11:36  Supply Depot  
  165  11:37  Marauder x2  
  169  11:47  Marine  
  169  11:51  Marauder  
  172  11:59  Marauder  
  174  12:15  Command Center  
  173  12:23  Command Center, Barracks Tech Lab x2, Marine, Marauder x3  
  173  12:24  Supply Depot x2, Marine x2  
  173  12:25  Supply Depot  
  173  12:27  Medivac x2  
  176  12:39  Marine x2  
  178  12:44  Marauder x2  
  178  12:49  Marine x2, Marauder  
  178  12:50  Marauder  
  183  13:13  Marine  
  183  13:14  Marine, Marauder x2  
  168  13:22  Marine, Marauder x2  
  168  13:23  Viking x2, Marauder  
  169  13:39  Terran Infantry Armor Level 3, Terran Infantry Weapons Level 3  
  161  13:53  Orbital Command, Missile Turret  
  161  13:58  Viking  
  161  13:59  Viking, Marine, Marauder  
  162  14:18  Planetary Fortress  
  162  14:22  Sensor Tower  
  162  14:25  Marine x2, Marauder x3  
  162  14:26  Marine, Marauder x2  
  162  14:27  Marine  
  162  14:28  Medivac  
  162  14:29  Medivac  
  178  14:42  Starport x2  
  178  14:46  Marauder  
  178  14:47  Marauder x4  
  182  15:05  Medivac x2  
  184  15:07  Marine  
  184  15:08  Marauder x4  
  191  15:28  Marine, Marauder  
  191  15:29  Marine, Marauder  
  191  15:30  Marauder x3  
  193  15:41  Marine  
  185  15:43  Medivac x2  
  184  15:50  Marauder  
  184  15:56  Marine x2, Marauder x4  
  161  15:57  Marine  
  153  16:11  Marauder  
  153  16:16  Medivac  
  153  16:17  Medivac, Marine  
  153  16:18  Marauder x4  
  166  16:19  Marine x2  
  165  16:40  Supply Depot x3  
  165  16:42  Supply Depot  
  99  17:28  Barracks  
  99  17:32  Barracks  
  99  17:33  Barracks  
  99  17:35  Barracks  
  86  17:59  Barracks Tech Lab  
  82  18:06  Barracks Tech Lab x2  
  78  18:18  Marine x3  
  75  18:32  Marine  
  75  18:33  Marine x2, Marauder  
  72  18:36  Marine x3  
  72  18:38  Supply Depot x2  
  72  18:39  Supply Depot x2  
  47  18:53  Marauder  
  47  18:54  Marine  
  47  18:55  Marauder  
  56  19:02  Supply Depot  
  56  19:03  Supply Depot  
Tags
 
Add a new tag
Caveats
  • Supply blocks, unpowered buildings, or Contaminate may cause inaccurate times.
  • Supply counts are checked every 10 seconds.